 Dungeon Crawl Stone Soup version 0.30-a0-1016-gfb0d676c02 (webtiles) character file.

Game seed: 8868063733512303101

4885 CornPuffBuddha the Skirmisher (level 10, -1/76 (79) HPs)
             Began as a Gnoll Hunter on Apr 7, 2023.
             Was a Believer of Okawaru.
             Slain by a manticore (10 damage)
             ... on level 8 of the Dungeon.
             The game lasted 00:26:55 (9004 turns).

CornPuffBuddha the Skirmisher (Gnoll Hunter)        Turns: 9004, Time: 00:26:55

HP:   -1/76 (79)    AC: 15    Str: 11    XL:     10   Next: 50%
MP:   18/18         EV:  9    Int:  8    God:    Okawaru [**....]
Gold: 428           SH:  0    Dex: 20    Spells: 20/20 levels left

rFire   . . .      SeeInvis +    v - +0 arbalest
rCold   + . .      Faith    .    (shield currently unavailable)
rNeg    . . .      Spirit   .    y - +1 chain mail
rPois   .          Reflect  .    u - +0 helmet
rElec   .          Rampage  .    D - +2 cloak
rCorr   .                        (no gloves)
Will    .....                    (no boots)
Stlth   +                        (no amulet)
HPRegen 0.32/turn                k - ring of see invisible
MPRegen 0.16/turn                p - ring of protection from cold

@: lightly drained
A: fangs 1, strong nose, distributed training
a: Renounce Religion, Heroism


You were on level 8 of the Dungeon.
You worshipped Okawaru.
Okawaru was pleased with you.
You visited 2 branches of the dungeon, and saw 11 of its levels.

You collected 428 gold pieces.

Inventory:

Hand Weapons
 a - a +0 shortbow
 v - a +0 arbalest (weapon)
Missiles
 l - a throwing net
 w - 5 poisoned darts
Armour
 c - a +0 leather armour
 u - a +0 helmet (worn)
 y - a +1 chain mail (worn)
 D - a +2 cloak (worn)
Jewellery
 i - a ring of ice
 k - a ring of see invisible (left hand)
 p - a ring of protection from cold (right hand)
 x - a ring of fire
 E - a ring of ice
Wands
 h - a wand of polymorph (8)
 n - a wand of flame (2)
 z - a wand of paralysis (13)
Scrolls
 b - 2 scrolls of immolation
 e - 2 scrolls of enchant weapon
 j - a scroll of magic mapping {unknown}
 o - a scroll of noise {unknown}
 s - 2 scrolls of enchant armour
 C - a scroll of brand weapon {unknown}
Potions
 d - 3 potions of brilliance
 f - 3 potions of might {unknown}
 g - a potion of ambrosia {unknown}
 m - a potion of resistance
 q - a potion of lignification
 r - a potion of curing
 t - a potion of haste {unknown}


   Skills:
 + Level 7.3 Fighting
 + Level 5.5 Short Blades
 + Level 5.5 Long Blades
 + Level 5.5 Axes
 + Level 5.5 Maces & Flails
 + Level 5.5 Polearms
 + Level 5.5 Staves
 + Level 10.2 Ranged Weapons
 + Level 5.5 Throwing
 + Level 5.5 Armour
 + Level 7.3 Dodging
 + Level 6.1 Stealth
 + Level 5.5 Shields
 + Level 5.5 Unarmed Combat
 + Level 5.5 Spellcasting
 + Level 4.6 Conjurations
 + Level 4.6 Hexes
 + Level 4.6 Summonings
 + Level 4.6 Necromancy
 + Level 4.6 Translocations
 + Level 4.6 Transmutations
 + Level 4.6 Fire Magic
 + Level 4.6 Ice Magic
 + Level 4.6 Air Magic
 + Level 4.6 Earth Magic
 + Level 4.6 Poison Magic
 + Level 6.1 Invocations
 + Level 5.5 Evocations


You had 20 spell levels left.
You didn't know any spells.
Your spell library contained the following spells:

 Spells                   Type           Power      Damage    Failure   Level
 Magic Dart               Conj           36%        1d4       67%         1
 Slow                     Hex            36%        N/A       67%         1
 Blink                    Tloc           18%        N/A       80%         2
 Confusing Touch          Hex            9%         N/A       95%         3
 Frozen Ramparts          Ice            18%        1d3       95%         3
 Vampiric Draining        Necr           9%         2d6       95%         3
 Vhi's Electric Charge    Tloc/Air       18%        N/A       95%         3
 Ice Form                 Ice/Tmut       9%         N/A       100%        4
 Manifold Assault         Tloc           9%         N/A       100%        4
 Arcjolt                  Conj/Air       4%         1d14      100%        5
 Plasma Beam              Fire/Air       4%         2x1d16    100%        6
 Storm Form               Tmut/Air       4%         N/A       100%        7
 Summon Ice Beast         Ice/Summ       Unusable   N/A       N/A         4

Dungeon Overview and Level Annotations

Branches:
Dungeon (10/15)            Temple (1/1) D:7
   Lair: D:8-11         Orc: D:9-12

Altars:
Ashenzari
Cheibriados
Dithmenos
Elyvilon
Fedhas
Gozag
Hepliaklqana
Kikubaaqudgha
Makhleb
Nemelex Xobeh
Okawaru
Qazlal
Ru
Sif Muna
Trog
Uskayaw
Vehumet
Wu Jian
Xom
Yredelemnul
Zin
The Shining One


Innate Abilities, Weirdness & Mutations

You have very sharp teeth.
Your uncanny sense of smell can sniff out nearby items.
Your experience applies equally to all skills.


Message History

A wight comes into view.
It is wielding a +1 scimitar of freezing.
You shoot a bolt.
The bolt hits the wight but does no damage.
You shoot a bolt. The bolt hits the wight!
You destroy the wight!
Okawaru accepts your kill.
Things that are here:
a +1 scimitar of freezing; a +0 robe
Found a diamond ring.
k - a ring of see invisible
k - a ring of see invisible (left hand)
p - a ring of protection from cold (right hand)
There is an open door here.
As you read the scroll labelled LACUFY UTHRAQ, it crumbles to dust.
It is a scroll of amnesia.
You feel forgetful for a moment.
As you read the scroll labelled USOBAU DOHA, it crumbles to dust.
Your body is wracked with pain!
The manticore convulses!
It was a scroll of torment.
The manticore bites you!
The manticore claws you but does no damage.
The manticore closely misses you.
You are too injured to fight recklessly!
Fire: v) +0 arbalest
Press: ? - help, Shift-Dir - straight line, f - manticore
Aim: a manticore (heavily wounded, 76% to hit)
You shoot a bolt. The bolt hits the manticore!
The manticore is severely wounded.
The manticore bites you but does no damage.
The manticore claws you. The manticore claws you!
* * * LOW HITPOINT WARNING * * *
Fire: v) +0 arbalest
Press: ? - help, Shift-Dir - straight line, f/p - manticore
Aim: a manticore (severely wounded, 76% to hit)
You shoot a bolt.
The bolt hits the manticore but does no damage.
The manticore is severely wounded.
The manticore bites you!
* * * LOW HITPOINT WARNING * * *
The manticore claws you!
You die...

#. #.(. #. #... ..# #. ###
#..#+#.. #.##### #.. #..#...
#.....###########.. #..#..
.#..............##..
#..#.####.#..............''..
#†.#......#H@............##..
#>...............).......'...
#.†..#....#..............####
##........#..................
#.#.#....#...............###
#.#<.....#.#############.###
#.#.#.#.....................
#.#...#..#.#############.###
#.#####..#.# #.#


You could see a manticore.

Vanquished Creatures
  A yaktaur (shapeshifter) (D:9)
  A troll (D:9)
  A meliai (D:8)
  A slime creature (D:9)
  2 wraiths
  A wyvern (D:8)
  3 water moccasins
  2 black bears
  3 ogres
  An orc warrior (D:10)
  2 ice beasts
  2 sky beasts
  A wolf (D:9)
  3 centaurs
  A phantom (D:4)
  A kobold brigand (D:4)
  A bullfrog (D:7)
  A gnoll sergeant (D:7)
  2 scorpions (D:5)
  8 wights
  6 howler monkeys
  8 hounds
  A jelly (D:6)
  6 orc priests
  3 iguanas
  11 orc wizards
  Robin (D:4)
  3 adders
  5 gnolls
  2 white imps
  2 worms
  2 dart slugs (D:1)
  24 orcs
  6 ball pythons
  7 bats
  6 endoplasms
  3 giant cockroaches
  12 goblins
  9 hobgoblins
  4 jackals (D:1)
  10 kobolds
  10 quokkas
  5 frilled lizards
  10 rats
194 creatures vanquished.

Vanquished Creatures (others)
  6 plants
6 creatures vanquished.

Grand Total: 200 creatures vanquished

Notes
Turn   | Place    | Note
-------+----------+-------------------------------------------
     0 | D:1      | CornPuffBuddha the Gnoll Hunter began the quest for the
                  | Orb.
     0 | D:1      | Reached XP level 1. HP: 20/20 MP: 1/1
   161 | D:1      | Reached XP level 2. HP: 26/26 MP: 2/2
   264 | D:1      | Reached XP level 3. HP: 26/31 MP: 3/3
   303 | D:1      | Reached skill level 1 in Invocations
   531 | D:1      | Found a faded altar of an unknown god.
   711 | D:2      | Reached skill level 1 in Short Blades
   711 | D:2      | Reached skill level 1 in Long Blades
   711 | D:2      | Reached skill level 1 in Axes
   711 | D:2      | Reached skill level 1 in Maces & Flails
   711 | D:2      | Reached skill level 1 in Polearms
   711 | D:2      | Reached skill level 1 in Staves
   711 | D:2      | Reached skill level 1 in Throwing
   711 | D:2      | Reached skill level 1 in Armour
   711 | D:2      | Reached skill level 1 in Shields
   711 | D:2      | Reached skill level 1 in Unarmed Combat
   711 | D:2      | Reached skill level 1 in Spellcasting
   711 | D:2      | Reached skill level 1 in Evocations
   759 | D:2      | Reached XP level 4. HP: 38/38 MP: 5/5
  1507 | D:3      | Reached skill level 1 in Conjurations
  1507 | D:3      | Reached skill level 1 in Hexes
  1507 | D:3      | Reached skill level 1 in Summonings
  1507 | D:3      | Reached skill level 1 in Necromancy
  1507 | D:3      | Reached skill level 1 in Translocations
  1507 | D:3      | Reached skill level 1 in Transmutations
  1507 | D:3      | Reached skill level 1 in Fire Magic
  1507 | D:3      | Reached skill level 1 in Ice Magic
  1507 | D:3      | Reached skill level 1 in Air Magic
  1507 | D:3      | Reached skill level 1 in Earth Magic
  1507 | D:3      | Reached skill level 1 in Poison Magic
  1655 | D:3      | Found a snail-covered altar of Cheibriados.
  2280 | D:4      | Reached XP level 5. HP: 43/43 MP: 5/7
  2356 | D:4      | Noticed a phantom
  2364 | D:4      | Killed a phantom
  2477 | D:4      | Noticed a kobold brigand
  2494 | D:4      | Killed a kobold brigand
  2495 | D:4      | Reached skill level 5 in Fighting
  2495 | D:4      | Reached skill level 5 in Dodging
  2495 | D:4      | Reached XP level 6. HP: 8/51 MP: 7/9
  2653 | D:4      | Noticed a black bear
  2703 | D:3      | Killed a black bear
  2853 | D:4      | Identified the +5 chain mail of Entitlement {MP+9}
  2913 | D:4      | Found a basalt altar of Yredelemnul.
  2955 | D:4      | Noticed a black bear
  2962 | D:4      | Killed a black bear
  2963 | D:4      | Reached XP level 7. HP: 39/56 MP: 10/10
  3097 | D:4      | Noticed Robin
  3111 | D:4      | Killed Robin
  3398 | D:5      | Entered Level 5 of the Dungeon
  3441 | D:5      | Reached skill level 9 in Ranged Weapons
  3934 | D:5      | Reached XP level 8. HP: 63/63 MP: 12/12
  4873 | D:6      | Found a radiant altar of Vehumet.
  4906 | D:6      | Got Vehumet's Octavo of Battling
  5192 | D:6      | Found an ancient bone altar of Kikubaaqudgha.
  5193 | D:6      | Found a shimmering blue altar of Sif Muna.
  5480 | D:6      | Noticed a wyvern
  5588 | D:7      | Reached XP level 9. HP: 69/69 MP: 14/14
  5826 | D:7      | Found a staircase to the Ecumenical Temple.
  5836 | Temple   | Entered the Ecumenical Temple
  5836 | Temple   | Found a transporter.
  5836 | Temple   | Found a transporter.
  5838 | Temple   | Found a transporter.
  5838 | Temple   | Found a transporter.
  5872 | Temple   | Became a worshipper of Warmaster Okawaru
  6399 | D:7      | Found a hide-covered altar of Uskayaw.
  6572 | D:8      | Reached skill level 5 in Stealth
  6593 | D:8      | Noticed a meliai
  6601 | D:8      | Killed a meliai
  6604 | D:8      | Noticed a yaktaur
  6604 | D:8      | Noticed a manticore
  6673 | D:10     | Entered Level 10 of the Dungeon
  6833 | D:10     | Reached skill level 5 in Invocations
  7230 | D:10     | Reached * piety under Okawaru
  7385 | D:9      | Noticed a troll
  7578 | D:9      | Killed a troll
  7578 | D:9      | Reached ** piety under Okawaru
  7579 | D:9      | Reached skill level 5 in Short Blades
  7579 | D:9      | Reached skill level 5 in Long Blades
  7579 | D:9      | Reached skill level 5 in Axes
  7579 | D:9      | Reached skill level 5 in Maces & Flails
  7579 | D:9      | Reached skill level 5 in Polearms
  7579 | D:9      | Reached skill level 5 in Staves
  7579 | D:9      | Reached skill level 10 in Ranged Weapons
  7579 | D:9      | Reached skill level 5 in Throwing
  7579 | D:9      | Reached skill level 5 in Armour
  7579 | D:9      | Reached skill level 5 in Shields
  7579 | D:9      | Reached skill level 5 in Unarmed Combat
  7579 | D:9      | Reached skill level 5 in Spellcasting
  7579 | D:9      | Reached skill level 5 in Evocations
  7579 | D:9      | Reached XP level 10. HP: 48/77 MP: 17/17
  8040 | D:8      | Found a blossoming altar of Fedhas.
  9004 | D:8      | Slain by a manticore

Illustrated notes

Levels and vault maps discovered:
D:1:      zelgadis_glass_arrival_small, layout_basic,
          chequers_ecumenical_altar_simple, minmay_pentomino_v4
D:2:      layout_loops_ring, minmay_distorted
D:3:      layout_rooms, mainiacjoe_overflow_brackets, serial_bayou_lagoon_a,
          minmay_door_square, kennysheep_small_spiral, wad_floor_pattern_1,
          kennysheep_doodads, kennysheep_generic_room_13
D:4:      layout_basic, general_overflow_altar, uniq_robin
D:5:      layout_basic
D:6:      layout_rooms, grunt_temple_overflow_magic_moments,
          minmay_misc_feat_tiny, minivault_11, lightli_corner_chamber
D:7:      layout_gridville, mainiacjoe_overflow_paths, minmay_temple_entry_trees
D:8:      layout_basic, fedhas_ov_isle_minmay, minmay_radiant
D:9:      layout_long_grid, erik_lair_island
D:10:     layout_basic, uniq_psyche, uniq_harold
Temple:   hellmonk_temple_divided_pantheon

Skill      XL: |  1  2  3  4  5  6  7  8  9 10 |
---------------+-------------------------------+-----
Invocations    | 1 2 3 4 5 6 |  6.1
Short Blades   | 1 2 3 5 |  5.5
Long Blades    | 1 2 3 5 |  5.5
Axes           | 1 2 3 5 |  5.5
Maces & Flails | 1 2 3 5 |  5.5
Polearms       | 1 2 3 5 |  5.5
Staves         | 1 2 3 5 |  5.5
Throwing       | 1 2 3 5 |  5.5
Armour         | 1 2 3 5 |  5.5
Shields        | 1 2 3 5 |  5.5
Unarmed Combat | 1 2 3 5 |  5.5
Spellcasting   | 1 2 3 5 |  5.5
Evocations     | 1 2 3 5 |  5.5
Conjurations   | 1 2 3 4 |  4.6
Hexes          | 1 2 3 4 |  4.6
Summonings     | 1 2 3 4 |  4.6
Necromancy     | 1 2 3 4 |  4.6
Translocations | 1 2 3 4 |  4.6
Transmutations | 1 2 3 4 |  4.6
Fire Magic     | 1 2 3 4 |  4.6
Ice Magic      | 1 2 3 4 |  4.6
Air Magic      | 1 2 3 4 |  4.6
Earth Magic    | 1 2 3 4 |  4.6
Poison Magic   | 1 2 3 4 |  4.6
Fighting       | 5 6 7 |  7.3
Dodging        | 5 6 7 |  7.3
Stealth        | 3 4 5 6 |  6.1
Ranged Weapons | 9 10 | 10.2

Action                     |  1- 3 |  4- 6 |  7- 9 | 10-12 || total
---------------------------+-------+-------+-------+-------++-------
  Melee: Shortbow          |       |       |     2 |       ||     2
         Arbalest          |       |       |     1 |       ||     1
   Fire: Shortbow          |    90 |   130 |    71 |       ||   291
         Arbalest          |       |       |   233 |    81 ||   314
 Invoke: Heroism           |       |       |       |     1 ||     1
  Evoke: Wand              |       |    12 |     7 |       ||    19
    Use: Potion            |       |     2 |     2 |     4 ||     8
         Scroll            |       |     4 |     6 |     7 ||    17
 Armour: Leather armour    |     4 |    21 |    17 |       ||    42
         Chain mail        |       |       |   112 |    48 ||   160
  Dodge: Dodged            |    28 |    47 |   132 |    47 ||   254

Table legend: (Time is in decaauts)
 A = Elapsed time spent in this place.
 B = Non-inter-level travel time spent in this place.
 C = Inter-level travel time spent in this place.
 D = Time resting spent in this place.
 E = Time spent auto-exploring this place.
 F = Levels seen in this place.
 G = Mean time per level.
                   A        B        C        D        E       F      G
               +--------+--------+--------+--------+--------+-----+--------+
         Total |   9322 |   8974 |    348 |   2958 |   4046 |  11 |  847.5 |
       Dungeon |   9115 |   8767 |    348 |   2811 |   4040 |  10 |  911.5 |
        Temple |    206 |    206 |      0 |    147 |      6 |   1 |  206.0 |
               +--------+--------+--------+--------+--------+-----+--------+

Top non-repeatable levels by time:
     D:5: 1342 daAuts
     D:7: 1139 daAuts
     D:3: 1099 daAuts
     D:4: 997 daAuts
     D:6: 903 daAuts
     D:8: 840 daAuts
     D:9: 806 daAuts
     D:2: 761 daAuts
    D:10: 634 daAuts
     D:1: 590 daAuts
  Temple: 206 daAuts
